 Dungeon Crawl Stone Soup version 0.27-a0-1065-ge809cff456 (webtiles) character file.

Game seed: 3667152262855945911

175 Ijustatesigmund the Skirmisher (level 5, -1/42 HPs)
             Began as a Demonspawn Fighter on Apr 22, 2021.
             Killed from afar by Ijyb (12 damage)
             ... with a bolt of acid
             ... on level 3 of the Dungeon.
             The game lasted 00:04:26 (2770 turns).

Ijustatesigmund the Skirmisher (Demonspawn Fighter) Turns: 2770, Time: 00:04:26

Health: -1/42      AC:  2    Str: 16    XL:     5   Next: 29%
Magic:  5/5        EV: 12    Int: 15    God:
Gold:   88         SH:  8    Dex: 14    Spells: 4/4 levels left

rFire    . . .     SeeInvis .   a - +0 war axe
rCold    . . .     Faith    .   c - +0 kite shield
rNeg     . . .     Spirit   .   b - +1 ring mail {rPois}
rPois    +         Reflect  .   (helmet restricted)
rElec    .         Harm     .   (no cloak)
rCorr    .         Rampage  .   (no gloves)
Will     .....                  (no boots)
Stlth    +.........             (no amulet)
HPRegen  0.14/turn              h - +4 ring of evasion
MPRegen  0.09/turn              k - +6 ring of intelligence

@: corroded
A: horns 2, spiny 2
a: no special abilities


You were on level 3 of the Dungeon.
You visited 1 branch of the dungeon, and saw 4 of its levels.

You collected 88 gold pieces.

Inventory:

Hand Weapons
 a - a +0 war axe (weapon)
 m - a +2 vorpal trident
Armour
 b - a +1 ring mail of poison resistance (worn)
 c - a +0 kite shield (worn)
Jewellery
 h - a +4 ring of evasion (left hand)
 k - a +6 ring of intelligence (right hand)
Scrolls
 f - 2 scrolls of identify
 g - 2 scrolls of immolation
 j - a scroll of amnesia
Potions
 d - a potion of might
 e - a potion of invisibility
 i - a potion of lignification
 l - a potion of curing


   Skills:
 + Level 3.9 Fighting
 * Level 3.8 Axes
 - Level 2.6 Armour
 + Level 2.0 Dodging
 - Level 2.6 Shields


You had 4 spell levels left.
You didn't know any spells.
Your spell library was empty.

Dungeon Overview and Level Annotations

Branches:
Dungeon (4/15)
 Temple: D:4-7

Altars:

Annotations:
D:3 Ijyb


Innate Abilities, Weirdness & Mutations

You have a pair of horns on your head.
You are mostly covered in sharp spines.


Message History

No target in view!
No target in view!
No target in view!
HP restored.
You now have 88 gold pieces (gained 14).
Things that are here:
a +0 ring mail; 3 silver boomerangs; a +0 flail
Things that are here:
a +0 scale mail; an orc corpse You open the door.
Ijyb the Twisted Goblin comes into view.
She is wielding a +0 club and carrying a wand of acid (12).
Ijyb shouts!
There is an open door here.
A hobgoblin comes into view.
The hobgoblin shouts!
A quokka comes into view.
Ijyb zaps a wand.
The bolt of acid misses you.
You hit Ijyb.
Ijyb is moderately wounded.
Ijyb screams, "I dance on your bones!"
Ijyb zaps a wand.
The bolt of acid hits you!! The acid corrodes you!
You are splashed with acid!
* * * LOW HITPOINT WARNING * * *
You are too injured to fight recklessly!
You are too injured to fight recklessly!
You are too injured to fight recklessly!
You are too injured to fight recklessly!
You are too injured to fight recklessly!
You are too injured to fight recklessly!
You are too injured to fight recklessly!
You are too injured to fight recklessly!
You are too injured to fight recklessly!
You are too injured to fight recklessly!
You are too injured to fight recklessly!
Your shield and ring mail prevent you from hitting Ijyb.
Ijyb is moderately wounded.
You hit the quokka.
You kill the quokka!
Ijyb zaps a wand.
The bolt of acid hits you!
You die...

####. ....
# ...#
###.# ...
.... #g.
...
#..##.#.#
#..g†...#
#@#.#
#.#.# #..#
######'##
..
#.......#
#.#
#.......#
#.#
#.......#
#.#
#######.##
#.# #..#
#.#


You could see Ijyb and a hobgoblin.

Vanquished Creatures
  Terence (D:2)
  An orc wizard (D:3)
  4 adders
  A dart slug (D:2)
  9 orcs
  3 endoplasms
  3 giant cockroaches (D:2)
  3 goblins
  4 hobgoblins
  8 jackals
  13 kobolds
  5 quokkas
  3 ball pythons (D:1)
  3 bats
  4 frilled lizards (D:1)
  14 rats
79 creatures vanquished.

Vanquished Creatures (others)
  A plant (D:2)
1 creature vanquished.

Grand Total: 80 creatures vanquished

Notes
Turn   | Place    | Note
-------+----------+-------------------------------------------
     0 | D:1      | Ijustatesigmund the Demonspawn Fighter began the quest for
                  | the Orb.
     0 | D:1      | Reached XP level 1. HP: 18/18 MP: 1/1
   475 | D:1      | Found a faded altar of an unknown god.
   485 | D:1      | Gained mutation: You have a pair of small horns on your
                  | head. [demonic ancestry]
   485 | D:1      | Reached XP level 2. HP: 21/24 MP: 2/2
  1104 | D:2      | Reached skill level 1 in Dodging
  1104 | D:2      | Gained mutation: You are partially covered in sharp spines.
                  | [demonic ancestry]
  1104 | D:2      | Reached XP level 3. HP: 23/29 MP: 3/3
  1484 | D:2      | Noticed Terence
  1489 | D:2      | Killed Terence
  1490 | D:2      | Gained mutation: You have a pair of horns on your head.
                  | [demonic ancestry]
  1490 | D:2      | Reached XP level 4. HP: 33/35 MP: 4/4
  2266 | D:3      | Gained mutation: You are mostly covered in sharp spines.
                  | [demonic ancestry]
  2266 | D:3      | Reached XP level 5. HP: 35/42 MP: 5/5
  2389 | D:3      | HP: 2/42 [orc/+2 vorpal trident (1)]
  2765 | D:3      | Noticed Ijyb
  2770 | D:3      | Killed from afar by Ijyb

Illustrated notes

Levels and vault maps discovered:
D:1:      mushboom_english_gardens, layout_basic,
          hellmonk_ecumenical_altar_blasted
D:2:      layout_basic, serial_forest, infiniplex_forest_straight_2,
          infiniplex_forest_diagonal, infiniplex_forest_lined_room_,
          infiniplex_forest_straight_5, infiniplex_forest_end_2,
          infiniplex_forest_straight_2, lexackson_kobold_supper, uniq_terence
D:3:      layout_basic, amcnicky_altar_gilded, uniq_purgy, uniq_grinder,
          uniq_ijyb
D:4:      layout_rooms, nicolae_sif_muna_little_library, minivault_19,
          hex_intersection

Skill      XL: |  1  2  3  4  5 |
---------------+----------------+-----
Axes           | 2 3 |  3.8
Dodging        | 1 2 |  2.0
Fighting       | |  3.9
Armour         | |  2.6
Shields        | |  2.6

Action                   |  1- 3 |  4- 6 || total
-------------------------+-------+-------++-------
Melee: War axe           |   101 |    50 ||   151
       Headbutt          |     7 |     1 ||     8
  Use: Scroll            |     6 |       ||     6
       Potion            |       |     3 ||     3
Armor: Scale mail        |    53 |    26 ||    79
Dodge: Dodged            |    32 |    37 ||    69
Block: Kite shield       |    56 |    42 ||    98

Table legend: (Time is in decaauts)
 A = Elapsed time spent in this place.
 B = Non-inter-level travel time spent in this place.
 C = Inter-level travel time spent in this place.
 D = Time resting spent in this place.
 E = Time spent auto-exploring this place.
 F = Levels seen in this place.
 G = Mean time per level.
                   A        B        C        D        E       F      G
               +--------+--------+--------+--------+--------+-----+--------+
         Total |   2863 |   2786 |     77 |    642 |   1672 |   4 |  715.8 |
       Dungeon |   2863 |   2786 |     77 |    642 |   1672 |   4 |  715.8 |
               +--------+--------+--------+--------+--------+-----+--------+

Top non-repeatable levels by time:
     D:1: 1081 daAuts
     D:2: 1059 daAuts
     D:4: 515 daAuts
     D:3: 208 daAuts
